[Event "4NCL Div 1 2024-25"]
[Site "England"]
[Date "2025.04.06"]
[Round "8.1"]
[White "Harvey, Marcus R"]
[Black "Gormally, Daniel W"]
[Result "0-1"]
[Annotator "TA"]
[ECO "A01"]
[WhiteElo "2491"]
[BlackElo "2424"]
[PlyCount "106"]
[EventDate "2024.11.23"]
[EventType "team-tourn"]
[EventCountry "ENG"]
[SourceTitle "playchess.com"]
[Source "ChessBase"]
[SourceQuality "1"]
[TimeControl "40/6000+30:3000+30"]

1. b3 e5 2. Bb2 Nc6 3. e3 Nge7 4. h4 d5 5. h5 $146 (5. d3 d4 6. e4 Be6 7. g3 Ng6 8. h5 Bb4+ 9. Nd2 Nge7 10. Bh3 Qd7 11. f4 {0-1 Korepanov,P-Blinkov,P RCCA Qual-43/2 corr 1997}) 5... Be6 6. Nf3 {[%emt 0:00:55] A01: Nimzowitsch-Larsen Opening.} f6 7. d4 exd4 8. Nxd4 {[%emt 0:03:02] White is slightly better.} Nxd4 9. Qxd4 Nf5 10. Qa4+ c6 11. Bd3 b5 12. Qa6 Qb6 13. Qxb6 axb6 14. e4 dxe4 15. Bxe4 Kd7 16. Nc3 Bc5 17. O-O-O+ Kc7 $1 18. g4 Nd6 19. Bf3 $1 b4 (19... Bxf2 $6 20. Rxd6 Be3+ (20... Kxd6 $2 21. Ne4+ Kc7 22. Nxf2 $18) 21. Rd2 $16) 20. Ne2 h6 (20... Bd7 $5) 21. Nf4 Bf7 22. Nd3 Nb5 23. Rd2 Bd6 (23... Rxa2 24. Nxc5 bxc5 25. Rhd1 $11) 24. a4 ({Only move:} 24. Kb1 $15) 24... bxa3 $19 25. Ba1 Bd5 26. Rh3 Bxf3 27. Rxf3 c5 28. c4 {[%emt 0:03:06] [#]} (28. Re3 {keeps fighting.}) 28... Nd4 (28... Na7 $1 $19 {...Nc6 would now be deadly.} 29. Kb1 Rhe8) 29. Bxd4 $17 cxd4 30. Kb1 Rhe8 $36 {[%emt 0:00:08][%mdl 2048] Black is on the roll.} 31. b4 Re4 {[%emt 0:00:06] Black is more active.} 32. c5 (32. Ka2 $142) 32... bxc5 33. bxc5 Be5 34. Rf5 Rxg4 35. f4 {[%emt 0:01:03][%mdl 8192] [#] Prevents Rg5.} (35. Nxe5 $17 fxe5 36. Rxe5) 35... a2+ $1 $19 36. Rxa2 Rg1+ 37. Kb2 Rb8+ (37... Rg2+ $142 38. Kb3 Rgxa2 (38... Raxa2 $2 39. fxe5 fxe5 40. Rxe5 $19) 39. fxe5 R2a3+ 40. Kc4 Rd8 41. exf6 Rc3+ 42. Kb5 Rb8+ (42... Rxd3 $2 43. f7 $19) 43. Ka4 Rxd3 44. fxg7 Rd1) 38. Ka3 {[%emt 0:00:02] [#]} Rgb1 $1 39. Rb2 Ra1+ 40. Ra2 Ra8+ 41. Kb3 R1xa2 42. fxe5 {[%emt 0:00:00][%mdl 4096] Endgame KRR-KRN} R2a3+ 43. Kc4 Rd8 44. Nf4 Rc3+ 45. Kb4 Rb8+ 46. Ka4 Rc1 (46... Rxc5 47. Ne6+ Kb6 48. Nxc5 Kxc5 49. exf6+ Kc4 50. f7 (50. fxg7 Rg8 $15) 50... Ra8+ 51. Ra5 $15) 47. Nd5+ Kd7 (47... Kc6 $142 48. Nb4+ Kxc5 49. Kb3 Rc3+ (49... Rxb4+ {gets mated.} 50. Ka2 Rc2+ 51. Ka1 fxe5 52. Rf8 d3 53. Rd8 Rg4 54. Rc8+ Kb4 55. Rb8+ Ka3 56. Ra8+ Ra4 57. Rxa4+ Kxa4 58. Kb1 Kb3 59. Ka1 Rc1#) 50. Ka2 Kxb4 (50... Rxb4 $2 51. exf6+ Kc4 52. f7 $19) 51. Rf2 Ka4 (51... fxe5 $2 52. Rb2+ Kc4 53. Rxb8 $19) 52. Rb2 Rxb2+ 53. Kxb2 fxe5 54. Ka2 d3 55. Kb2 Rc2+ 56. Kb1 Ka3 57. Ka1 Rc1#) 48. Nb6+ Ke6 (48... Kc6 $142 49. exf6 d3 (49... Rxc5 $2 50. Rxc5+ Kxc5 51. Nd7+ Kc4 52. Nxb8 $19) 50. fxg7 d2 (50... Rxc5 51. Rxc5+ Kxc5 52. Nd7+ Kd6 53. Nxb8 $14)) 49. Rf2 Rxc5 {[%emt 0:00:25] Black mates.} 50. exf6 gxf6 51. Rb2 Rc6 52. Re2+ Kf7 53. Nd5 Ra6# {[%emt 0:00:36] Weighted Error Value: White=0.42/Black=0.18 (very precise)   Loses game:     	White=1     	---        Mistake:       	White=3     	Black=1      Inaccurate:     	White=3     	Black=1      OK:         	White=11    	Black=14     Best:        	White=2     	Black=1      Strong:       	White=1     	Black=1      Brilliant:      	---       	Black=1} 0-1

[Event "4NCL Div 1 2024-25"]
[Site "England"]
[Date "2025.04.06"]
[Round "8.2"]
[White "Ledger, Andrew J"]
[Black "Speelman, Jon S"]
[Result "1/2-1/2"]
[Annotator "TA"]
[ECO "A10"]
[WhiteElo "2328"]
[BlackElo "2499"]
[PlyCount "34"]
[EventDate "2024.11.23"]
[EventType "team-tourn"]
[EventCountry "ENG"]
[SourceTitle "playchess.com"]
[Source "ChessBase"]
[SourceQuality "1"]
[TimeControl "40/6000+30:3000+30"]

1. c4 e6 2. Nc3 b6 3. e4 Bb7 4. g3 Bb4 5. Nge2 f5 6. Bg2 {[%emt 0:01:10] A10: English Opening: Unusual Replies for Black.} Nf6 7. d3 fxe4 8. O-O {[%emt 0:12:59][%cal Rd3e4] White has an edge.} Nc6 9. dxe4 (9. Bxe4 Nxe4 10. dxe4 O-O $17) 9... a5 (9... O-O $11 {remains equal.}) 10. a3 $146 (10. h3 d6 11. e5 dxe5 12. Qa4 Qd7 13. Rd1 Bd6 14. Nb5 O-O 15. Nxd6 cxd6 16. Nc3 {1-0 Schoorl,R (2357)-Maris,I (2404) Hoogeveen op 26th 2023 (4)}) 10... Bc5 11. Nf4 {[%emt 0:02:07][%cal Oe4e5] [#]} Ne5 12. b3 (12. Na4 $14 {should be considered.}) 12... O-O $11 13. h3 Qe8 14. Bb2 Ng6 {[%emt 0:01:07] [#] Threatens to win with ...Nxf4.} 15. Nd3 Bd4 {[%emt 0:00:40] The position is equal.} 16. Qe2 {[%emt 0:00:49] and e5 should not be overlooked} d6 17. Nb5 Bxb2 {[%emt 0:00:54] Weighted Error Value: White=0.11 (very precise) /Black=0.10 (very precise)   Mistake:       	White=1     	Black=1      Inaccurate:     	White=1     	Black=1      OK:         	White=7     	Black=7      Best:        	---       	Black=1} 1/2-1/2

[Event "4NCL Div 1 2024-25"]
[Site "England"]
[Date "2025.04.06"]
[Round "8.3"]
[White "Wadsworth, Matthew J"]
[Black "Ansell, Simon T"]
[Result "1-0"]
[Annotator "RC"]
[ECO "D02"]
[WhiteElo "2461"]
[BlackElo "2323"]
[PlyCount "45"]
[EventDate "2024.11.23"]
[EventType "team-tourn"]
[EventCountry "ENG"]
[SourceTitle "playchess.com"]
[Source "ChessBase"]
[SourceQuality "1"]
[TimeControl "40/6000+30:3000+30"]

1. Nf3 d5 2. g3 Nd7 3. d4 Nb6 4. Nc3 Bf5 5. Nh4 Bg4 6. h3 Bh5 7. Ng2 e6 8. Nf4 Bg6 9. h4 Bf5 10. e4 dxe4 11. g4 e5 12. gxf5 exf4 13. Bxf4 Nf6 14. Qe2 Be7 15. O-O-O O-O 16. Rg1 Nfd5 17. Qg4 g6 18. Nxd5 Nxd5 19. Bh6 Nf6 20. Qh3 Re8 21. Bc4 Bf8 22. Bg5 Qd6 23. h5 1-0

[Event "4NCL Div 1 2024-25"]
[Site "England"]
[Date "2025.04.06"]
[Round "8.4"]
[White "Bates, Richard A"]
[Black "Haydon, David L"]
[Result "1/2-1/2"]
[Annotator "ChessBase"]
[ECO "E16"]
[WhiteElo "2315"]
[BlackElo "2294"]
[PlyCount "31"]
[EventDate "2024.11.23"]
[EventType "team-tourn"]
[EventCountry "ENG"]
[SourceTitle "playchess.com"]
[Source "ChessBase"]
[SourceQuality "1"]
[TimeControl "40/6000+30:3000+30"]

1. d4 Nf6 2. Nf3 e6 3. c4 b6 4. g3 Bb7 5. Bg2 Bb4+ 6. Bd2 Qe7 7. O-O Bxd2 8. Qxd2 O-O 9. Nc3 d5 10. cxd5 Nxd5 11. Rac1 Nxc3 12. Qxc3 Na6 13. Rfd1 Rac8 14. Nh4 Bxg2 15. Nxg2 c5 16. Ne3 1/2-1/2

[Event "4NCL Div 1 2024-25"]
[Site "England"]
[Date "2025.04.06"]
[Round "8.5"]
[White "Zhou, Yang-Fan"]
[Black "Webb, Laurence E"]
[Result "1/2-1/2"]
[Annotator "ChessBase"]
[ECO "A43"]
[WhiteElo "2418"]
[BlackElo "2217"]
[PlyCount "54"]
[EventDate "2024.11.23"]
[EventType "team-tourn"]
[EventCountry "ENG"]
[SourceTitle "playchess.com"]
[Source "ChessBase"]
[SourceQuality "1"]
[TimeControl "40/6000+30:3000+30"]

1. d4 Nf6 2. Nf3 c5 3. d5 b5 4. e4 Nxe4 5. Bd3 Nf6 6. Bxb5 g6 7. Be3 Ba6 8. a4 Bxb5 9. axb5 d6 10. Nc3 Bg7 11. O-O O-O 12. Ra4 Nbd7 13. Qd2 Nb6 14. Rh4 Re8 15. Bh6 Bh8 16. Ng5 Qd7 17. f4 a6 18. bxa6 Rxa6 19. f5 Rea8 20. fxg6 hxg6 21. Bf8 Rxf8 22. Ne6 fxe6 23. Rxh8+ Kxh8 24. Qh6+ Kg8 25. Qxg6+ Kh8 26. Qh6+ Kg8 27. Qg6+ Kh8 1/2-1/2

[Event "4NCL Div 1 2024-25"]
[Site "England"]
[Date "2025.04.06"]
[Round "8.6"]
[White "Ledger, Dave J"]
[Black "Turner, Matthew J"]
[Result "0-1"]
[Annotator "ChessBase"]
[ECO "C54"]
[WhiteElo "2191"]
[BlackElo "2432"]
[PlyCount "64"]
[EventDate "2024.11.23"]
[EventType "team-tourn"]
[EventCountry "ENG"]
[SourceTitle "playchess.com"]
[Source "ChessBase"]
[SourceQuality "1"]
[TimeControl "40/6000+30:3000+30"]

1. e4 e5 2. Nf3 Nc6 3. Bc4 Bc5 4. c3 Nf6 5. d3 d6 6. O-O a6 7. a4 Ba7 8. Nbd2 O-O 9. Re1 Ne7 10. Nf1 Ng6 11. Ng3 h6 12. d4 Bg4 13. Be2 Nf4 14. Bxf4 exf4 15. Nf5 Nxe4 16. N3h4 Bxf5 17. Nxf5 Qg5 18. Bd3 d5 19. f3 Qxf5 20. fxe4 dxe4 21. Rxe4 c5 22. Qf3 cxd4 23. c4 Qd7 24. Rae1 Rae8 25. h4 Rxe4 26. Qxe4 f5 27. Qxf4 Bb8 28. Qf3 Qc7 29. Bxf5 Qh2+ 30. Kf1 Kh8 31. h5 d3 32. g4 Ba7 0-1

[Event "4NCL Div 1 2024-25"]
[Site "England"]
[Date "2025.04.06"]
[Round "8.7"]
[White "Hunt, Harriet V"]
[Black "Varney, Zoe"]
[Result "1/2-1/2"]
[Annotator "ChessBase"]
[ECO "C65"]
[WhiteElo "2298"]
[BlackElo "1996"]
[PlyCount "117"]
[EventDate "2024.11.23"]
[EventType "team-tourn"]
[EventCountry "ENG"]
[SourceTitle "playchess.com"]
[Source "ChessBase"]
[SourceQuality "1"]
[TimeControl "40/6000+30:3000+30"]

1. e4 e5 2. Nf3 Nc6 3. Bb5 Nf6 4. d3 Bc5 5. O-O Nd4 6. Nxd4 Bxd4 7. c3 Bb6 8. Na3 c6 9. Ba4 d6 10. Nc4 Bc7 11. Bc2 Be6 12. Ne3 d5 13. Qf3 Qd7 14. a4 O-O-O 15. Nf5 Nh5 16. Re1 g6 17. Nh6 f6 18. g3 Bd6 19. Bd1 Rdf8 20. b4 d4 21. Bd2 f5 22. cxd4 f4 23. g4 Qg7 24. d5 cxd5 25. exd5 Bd7 26. g5 Kb8 27. Rb1 Rc8 28. h4 Rhe8 29. Qg2 Nf6 30. b5 Ng8 31. Nxg8 Qxg8 32. Bf3 Bf5 33. Be4 Qf7 34. Bb4 Bxb4 35. Rxb4 Qd7 36. Rc4 Bh3 37. Qf3 Bg4 38. Qh1 Bd1 39. Qg2 Rxc4 40. dxc4 Bxa4 41. Qf3 Qc8 42. Bd3 a6 43. bxa6 bxa6 44. Bf1 Ka7 45. Ra1 Bc2 46. Ra5 Rf8 47. c5 e4 48. Bxa6 Qxc5 49. Rxc5 exf3 50. Rxc2 Kxa6 51. Rc3 Kb6 52. Kh2 Rf5 53. Rd3 Kc7 54. d6+ Kd7 55. Kh3 h5 56. gxh6 Rh5 57. Kg4 Rxh6 58. Rxf3 Kxd6 59. Rxf4 1/2-1/2

[Event "4NCL Div 1 2024-25"]
[Site "England"]
[Date "2025.04.06"]
[Round "8.8"]
[White "Nelson, Jonathan P"]
[Black "Jackson, James P"]
[Result "0-1"]
[Annotator "ChessBase"]
[ECO "C45"]
[WhiteElo "2098"]
[BlackElo "2373"]
[PlyCount "82"]
[EventDate "2024.11.23"]
[EventType "team-tourn"]
[EventCountry "ENG"]
[SourceTitle "playchess.com"]
[Source "ChessBase"]
[SourceQuality "1"]
[TimeControl "40/6000+30:3000+30"]

1. e4 e5 2. Nf3 Nc6 3. d4 exd4 4. Nxd4 Nf6 5. Nxc6 bxc6 6. Bd3 d5 7. O-O Be7 8. e5 Nd7 9. f4 Nc5 10. Nd2 Nxd3 11. cxd3 Bf5 12. Nb3 c5 13. Be3 d4 14. Bf2 Qd5 15. Na5 Rb8 16. b3 h5 17. Be1 Rh6 18. Qf3 Qd7 19. Rc1 h4 20. b4 h3 21. g3 cxb4 22. Nc6 Rxc6 23. Rxc6 Bxd3 24. e6 fxe6 25. Rf2 Bf5 26. Rc1 Rb5 27. g4 Bg6 28. Qxh3 Kf7 29. f5 exf5 30. gxf5 Rxf5 31. Rxf5+ Bxf5 32. Qb3+ Be6 33. Qf3+ Kg8 34. Bg3 c5 35. Rf1 Bd5 36. Qh5 Bxa2 37. Be5 Bf8 38. Rf3 Bf7 39. Qh4 Bd5 40. Rh3 Qf5 41. Qg3 b3 0-1

[Event "4NCL Div 1 2024-25"]
[Site "England"]
[Date "2025.04.06"]
[Round "8.9"]
[White "Lupulescu, Constantin"]
[Black "Kovchan, Alexander"]
[Result "1/2-1/2"]
[Annotator "TA"]
[ECO "E21"]
[WhiteElo "2597"]
[BlackElo "2453"]
[PlyCount "63"]
[EventDate "2024.11.23"]
[EventType "team-tourn"]
[EventCountry "ENG"]
[SourceTitle "playchess.com"]
[Source "ChessBase"]
[SourceQuality "1"]
[TimeControl "40/6000+30:3000+30"]

1. Nf3 Nf6 2. c4 b6 3. Nc3 Bb7 4. d4 e6 5. g3 Bb4 6. Bd2 Bxc3 {[%emt 0:01:31] E21: Nimzo-Indian: 4 Nf3.} 7. Bxc3 Ne4 8. Rc1 (8. Qd3 {with more complications.} O-O 9. Bg2 Nxc3 10. Ng5) 8... d6 9. Bg2 Nxc3 10. Rxc3 Nd7 11. O-O O-O 12. d5 e5 13. e4 a5 14. b3 Bc8 $146 (14... Nc5 15. Nh4 Re8 16. Nf5 Bc8 17. Ne3 Bd7 18. h4 b5 19. cxb5 Bxb5 20. Re1 Bd7 {1-0 Narayanan,S (2658)-Blohberger,F (2503) Wch Blitz Warsaw 2021 (14)}) 15. Nd2 {[%emt 0:08:36] Not much happening anymore} f5 16. exf5 Rxf5 17. a3 Rf8 {[%emt 0:02:31] The position is equal.} 18. Ne4 Nc5 19. b4 axb4 20. axb4 Nxe4 21. Bxe4 Bf5 22. Bxf5 Rxf5 23. c5 bxc5 24. bxc5 Qf6 25. Qc2 Rf8 26. cxd6 cxd6 27. Rc8 h5 28. Rxf8+ Qxf8 29. Ra1 e4 30. Re1 Rxd5 31. Rxe4 (31. Qa2 $5 Qf7 $8 32. Qc2 $11) 31... Qf5 32. Qe2 {[%emt 0:00:53] Weighted Error Value: White=0.02 (flawless) /Black=0.02 (flawless)   Inaccurate:     	White=1     	---        OK:         	White=14    	Black=12     Best:        	White=1     	---} 1/2-1/2

[Event "4NCL Div 1 2024-25"]
[Site "England"]
[Date "2025.04.06"]
[Round "8.10"]
[White "Badacsonyi, Stanley"]
[Black "Kantor, Gergely"]
[Result "0-1"]
[Annotator "TA"]
[ECO "E51"]
[WhiteElo "2298"]
[BlackElo "2558"]
[PlyCount "86"]
[EventDate "2024.11.23"]
[EventType "team-tourn"]
[EventCountry "ENG"]
[SourceTitle "playchess.com"]
[Source "ChessBase"]
[SourceQuality "1"]
[TimeControl "40/6000+30:3000+30"]

1. d4 Nf6 2. c4 e6 3. Nc3 Bb4 4. e3 O-O 5. Bd2 d5 6. Nf3 b6 7. cxd5 exd5 8. Rc1 {[%emt 0:00:05] E51: Nimzo-Indian: Rubinstein: 4...0-0 5 Nf3 d5.} Re8 9. Bd3 {[%emt 0:00:51] 9.Ne5 is more fashionable.} Bf8 10. Ne5 {[%emt 0:05:10] The position is equal.} c5 11. O-O Bb7 12. f4 Nc6 13. Ne2 c4 $5 {[%emt 0:01:33][%mdl 4] Leaves trodden paths.} 14. Bb1 {[%emt 0:01:31] A sharp opening} b5 15. Be1 $1 Ne4 16. Ng3 $146 (16. b3 {is interesting.} Ba3 17. Rc3 b4 18. Bxe4 bxc3 19. Bb1) (16. Bxe4 dxe4 17. Nxc6 Bxc6 18. f5 Qg5 19. Qd2 Bd6 20. Bg3 Bxg3 21. Nxg3 a5 22. Rf4 {1-0 Gareyev,T (2608)-Vokhidov,S (2566) Tashkent President op 2nd 2022 (10)}) 16... Ne7 17. f5 {[%emt 0:22:58] aiming for Bxe4.} f6 18. Ng4 ({Better is} 18. Qh5 $11) 18... Nc8 19. Bxe4 dxe4 20. Nh5 Nb6 21. b3 {[%emt 0:04:15] Black keeps a firm grip on the game.} (21. Bb4 $15 Bxb4 22. Ngxf6+ Kh8 (22... gxf6 23. Qg4+ Kh8 24. Qg7#) 23. Nxe8 Qxe8 24. a3) 21... Rc8 22. bxc4 bxc4 {[%emt 0:02:09][%csl Oc4] Black has a strong passed pawn} (22... Nxc4 $6 23. Bh4 Rc6 24. a4 $11) 23. Bh4 (23. Ba5 $142) 23... Nd5 $17 24. Rb1 (24. Qa4 $17) 24... Ba6 $19 25. Qa4 Qd6 26. Rfc1 c3 27. Bg3 Qc6 28. Qa5 Kh8 29. h3 c2 30. Rb3 Qc4 {[%emt 0:03:02] [#]} 31. Kh2 (31. Nf4 $142 Nxf4 32. Bxf4) 31... Bb4 32. Rxb4 Nxb4 33. a3 Nc6 (33... Nd3 $142 34. Rxc2 Qxc2 35. Qxa6 Re7 36. Nhxf6 gxf6 (36... Qc6 $2 37. Qxc6 Rxc6 38. Nh5 $19) 37. Qxf6+ Rg7) 34. Qe1 Qf7 35. Nf4 (35. Ngxf6 gxf6 36. Bh4 Qc7+ (36... Qxh5 $2 37. Bxf6+ Kg8 38. Qg3+ $18) 37. Kg1) 35... Bd3 36. Nf2 Qd7 37. N4xd3 (37. Qd2 {keeps fighting.} Qxf5 38. N2xd3 exd3 39. Nxd3) 37... exd3 38. Qd2 Qxf5 39. Nxd3 Na5 40. e4 $2 (40. Nc5 Nc4 41. Qxc2 Nxe3 (41... Nxa3 $2 {is the wrong capture.} 42. Qxf5 a6 43. d5 $18) 42. Qxf5 Nxf5 43. Bf2) 40... Nb3 {[%emt 0:02:46] Black is clearly winning.} 41. exf5 Nxd2 42. Nc5 Re2 {[%emt 0:00:59] aiming for ...Nf3+.} 43. Kh1 {[%emt 0:00:04] [#]} Rxc5 $1 {[%emt 0:01:10] Weighted Error Value: White=0.50/Black=0.22 (precise)   Mistake:       	White=8     	Black=1      Inaccurate:     	White=2     	Black=2      OK:         	White=14    	Black=10     Best:        	White=3     	Black=5      Strong:       	White=1     	---} 0-1

[Event "4NCL Div 1 2024-25"]
[Site "England"]
[Date "2025.04.06"]
[Round "8.11"]
[White "Grieve, Harry"]
[Black "Badacsonyi, Frankie"]
[Result "1-0"]
[Annotator "RC"]
[ECO "B66"]
[WhiteElo "2464"]
[BlackElo "2266"]
[PlyCount "165"]
[EventDate "2024.11.23"]
[EventType "team-tourn"]
[EventCountry "ENG"]
[SourceTitle "playchess.com"]
[Source "ChessBase"]
[SourceQuality "1"]
[TimeControl "40/6000+30:3000+30"]

1. e4 c5 2. Nf3 d6 3. d4 cxd4 4. Nxd4 Nf6 5. Nc3 Nc6 6. Bg5 Bd7 7. Qd2 a6 8. O-O-O e6 9. Nxc6 Bxc6 10. f3 h6 11. Bf4 d5 12. Qe1 Bb4 13. a3 Bxc3 14. Qxc3 O-O 15. g4 Rc8 16. Qe3 Re8 17. g5 Nh5 18. gxh6 Ba4 19. Bd3 d4 20. Qd2 Bxc2 21. Bxc2 d3 22. Qxd3 Qxd3 23. Rxd3 Nxf4 24. Rd7 gxh6 25. Rhd1 Rb8 26. h4 Ng6 27. f4 Re7 28. Rxe7 Nxe7 29. f5 exf5 30. exf5 Rc8 31. Kb1 Rc5 32. f6 Nd5 33. Be4 Nxf6 34. Bxb7 a5 35. Rd4 Kf8 36. b4 axb4 37. axb4 Rc7 38. Bf3 Nd7 39. Kb2 Ke7 40. Kb3 Nb6 41. b5 Rd7 42. Rf4 Ra7 43. Rf5 Ra4 44. Rh5 Rf4 45. Bc6 Rf6 46. Kb4 Kd6 47. Ka5 Kc7 48. Rc5 Nc8 49. h5 Kb8 50. Bd7 Nb6 51. Bf5 Rd6 52. Be4 Nd7 53. Rc3 Ne5 54. Bf5 Kb7 55. Bc8+ Kb8 56. Bf5 Kb7 57. Rc5 f6 58. Bc8+ Kb8 59. Ba6 Rd8 60. b6 Nf7 61. Rc7 Nd6 62. Rh7 Nf5 63. Rf7 Ng3 64. Bb5 Rc8 65. Ba6 Rd8 66. Rb7+ Ka8 67. Ra7+ Kb8 68. Rb7+ Ka8 69. Rc7 Kb8 70. Rc6 Ne4 71. Re6 Rd5+ 72. Kb4 Rd4+ 73. Ka5 Rd5+ 74. Kb4 Rd4+ 75. Kb5 Rd5+ 76. Kc4 Re5 77. Rc6 Re8 78. b7 Ka7 79. Rc8 Nd6+ 80. Kd5 Nxc8 81. bxc8=Q Rxc8 82. Bxc8 Kb8 83. Bf5 1-0

[Event "4NCL Div 1 2024-25"]
[Site "England"]
[Date "2025.04.06"]
[Round "8.12"]
[White "Yoon, Jacob D"]
[Black "Cyborowski, Lukasz"]
[Result "1/2-1/2"]
[Annotator "RC"]
[ECO "D37"]
[WhiteElo "2270"]
[BlackElo "2454"]
[PlyCount "77"]
[EventDate "2024.11.23"]
[EventType "team-tourn"]
[EventCountry "ENG"]
[SourceTitle "playchess.com"]
[Source "ChessBase"]
[SourceQuality "1"]
[TimeControl "40/6000+30:3000+30"]

1. d4 d5 2. c4 e6 3. Nf3 Nf6 4. Nc3 Nbd7 5. c5 Be7 6. Bf4 Nh5 7. Be5 Nxe5 8. Nxe5 Nf6 9. e3 Nd7 10. Nf3 c6 11. b4 O-O 12. Bd3 Qc7 13. e4 dxe4 14. Bxe4 Nf6 15. Bc2 Nd5 16. Nxd5 exd5 17. Ne5 a5 18. a3 axb4 19. axb4 Rxa1 20. Qxa1 f6 21. Nd3 Bf5 22. O-O g6 23. Ne1 Bg4 24. f3 Bd7 25. g3 Re8 26. f4 Bh3 27. Ng2 f5 28. Re1 Bxg2 29. Kxg2 Kf7 30. b5 Bf6 31. Rxe8 Kxe8 32. Kf3 Kf7 33. Bd3 Kg7 34. h3 Qe7 35. g4 fxg4+ 36. hxg4 Qxc5 37. dxc5 Bxa1 38. bxc6 bxc6 39. Ba6 1/2-1/2

[Event "4NCL Div 1 2024-25"]
[Site "England"]
[Date "2025.04.06"]
[Round "8.13"]
[White "Royal, Shreyas"]
[Black "Villiers, Thomas"]
[Result "1-0"]
[Annotator "TA"]
[ECO "A11"]
[WhiteElo "2520"]
[BlackElo "2182"]
[PlyCount "75"]
[EventDate "2024.11.23"]
[EventType "team-tourn"]
[EventCountry "ENG"]
[SourceTitle "playchess.com"]
[Source "ChessBase"]
[SourceQuality "1"]
[TimeControl "40/6000+30:3000+30"]

1. c4 c6 2. Nf3 d5 3. g3 Nf6 4. Bg2 Bf5 5. Qb3 Qb6 6. d3 Nbd7 {[%emt 0:02:02] A11: English Opening: 1...c6.} 7. Be3 {[%emt 0:02:31] 7.Qxb6 is vanishing.} Qxb3 8. axb3 e5 {[%emt 0:00:12] The position is equal. Dodges Nd4} 9. O-O a6 $146 (9... d4 10. Bg5 Be7 11. Na3 h6 12. Bxf6 Bxf6 13. Nc2 O-O 14. b4 a6 15. Nd2 Be7 {0-1 John Veny,A (2112)-Ljukin,S (2362) Titled Tuesday intern op 26th Dec Early blitz 2023 (3)}) 10. d4 Bd6 11. dxe5 Nxe5 12. Bd4 Nxf3+ 13. Bxf3 dxc4 14. e4 Bg4 (14... Bxe4 15. Re1 $16) 15. Bg2 (15. Bxg4 $11 Nxg4 16. Bxg7) 15... Be7 16. bxc4 O-O 17. Bc3 Rad8 18. Nd2 Rd3 (18... Nd7 $5) 19. e5 Ne8 20. Nb3 Nc7 21. Na5 Bc8 22. Be4 Rd7 23. b4 Ne6 24. f4 {[%emt 0:05:44] White has a king side majority} Nd4 25. Kf2 $36 {[%emt 0:00:28][%mdl 2048] Prevents Ne2. White fights for an advantage.} Rfd8 26. Rfd1 c5 (26... f5 $11 27. e6 Nxe6 28. Rxd7 Bxd7 29. Bxf5 g6) 27. Bxd4 $16 Rxd4 28. Rxd4 Rxd4 29. Ke3 {[%emt 0:00:04] White is more active.} (29. Bxb7 Bxb7 30. Nxb7 cxb4 $11) 29... Rd7 30. b5 axb5 31. cxb5 g6 {[%emt 0:00:32] [#] Wards off Bf5} 32. Nc4 $1 Rd8 {[%emt 0:01:58] [#]} 33. Ra7 $1 Be6 34. Na5 ({Don't play} 34. Rxb7 $6 Bxc4 35. Rxe7 Bxb5 $16) 34... c4 35. Nxb7 {[%emt 0:00:08][%cal Ob7d6] Strongly threatening Nd6!.} Rd1 {[%emt 0:00:37] [#]} (35... Kg7 36. Nxd8 Bc5+ 37. Kd2 Bxa7 38. Nxe6+ (38. Kc3 Bg1 $18) 38... fxe6) 36. Nd6 $1 $18 Bxd6 37. exd6 Rxd6 38. Ra6 {[%emt 0:00:13] Weighted Error Value: White=0.08 (flawless) /Black=0.27 (precise)   Mistake:       	White=1     	Black=2      Inaccurate:     	White=3     	Black=3      OK:         	White=10    	Black=10     Best:        	White=2     	Black=2      Strong:       	White=2     	---        Brilliant:      	White=1     	---} 1-0

[Event "4NCL Div 1 2024-25"]
[Site "England"]
[Date "2025.04.06"]
[Round "8.14"]
[White "Pang, Ethan"]
[Black "Jaracz, Pawel"]
[Result "1/2-1/2"]
[Annotator "RC"]
[ECO "B80"]
[WhiteElo "2303"]
[BlackElo "2473"]
[PlyCount "57"]
[EventDate "2024.11.23"]
[EventType "team-tourn"]
[EventCountry "ENG"]
[SourceTitle "playchess.com"]
[Source "ChessBase"]
[SourceQuality "1"]
[TimeControl "40/6000+30:3000+30"]

1. e4 c5 2. Nf3 e6 3. d4 cxd4 4. Nxd4 Nc6 5. Nc3 Qc7 6. g3 a6 7. Bg2 d6 8. Nxc6 bxc6 9. O-O Nf6 10. Na4 Bb7 11. c4 c5 12. Re1 Nd7 13. b3 Be7 14. Bb2 O-O 15. Qc2 Bc6 16. Nc3 Bf6 17. Rad1 Rfd8 18. Rd2 Bb7 19. Na4 Bxb2 20. Qxb2 Ne5 21. Red1 h6 22. f4 Ng4 23. Qc3 Nf6 24. e5 Bxg2 25. exf6 Bb7 26. h4 Qc6 27. Kh2 g6 28. Qe3 Kh7 29. h5 1/2-1/2

[Event "4NCL Div 1 2024-25"]
[Site "England"]
[Date "2025.04.06"]
[Round "8.15"]
[White "Galyas, Miklos"]
[Black "Mirzoeva, Elmira"]
[Result "1-0"]
[Annotator "ChessBase"]
[ECO "A15"]
[WhiteElo "2374"]
[BlackElo "2258"]
[PlyCount "107"]
[EventDate "2024.11.23"]
[EventType "team-tourn"]
[EventCountry "ENG"]
[SourceTitle "playchess.com"]
[Source "ChessBase"]
[SourceQuality "1"]
[TimeControl "40/6000+30:3000+30"]

1. Nf3 Nf6 2. g3 b6 3. Bg2 Bb7 4. O-O g6 5. b3 Bg7 6. Bb2 O-O 7. c4 d6 8. d4 Nbd7 9. Qc2 c5 10. d5 e5 11. dxe6 fxe6 12. Nc3 Qe7 13. Rad1 Rad8 14. Ne1 Nb8 15. Bxb7 Qxb7 16. Ng2 d5 17. Nf4 Qf7 18. cxd5 exd5 19. e4 d4 20. Ncd5 Nc6 21. Nxf6+ Qxf6 22. Qc4+ Kh8 23. Qe6 Ne5 24. Qxf6 Rxf6 25. Kg2 Rdf8 26. Bc1 b5 27. b4 cxb4 28. Rxd4 Nc4 29. Rd7 a5 30. Rb7 Nd6 31. Re7 R8f7 32. e5 Rxf4 33. Bxf4 Rxe7 34. exd6 Rd7 35. Rc1 Bc3 36. Rd1 a4 37. Kf3 b3 38. axb3 a3 39. Ke4 Kg8 40. Kd5 a2 41. Ke6 Rd8 42. d7 a1=Q 43. Rxa1 Bxa1 44. Bg5 Ra8 45. d8=Q+ Rxd8 46. Bxd8 Bd4 47. f4 Bg1 48. g4 Kf8 49. h3 Ke8 50. Be7 Bb6 51. f5 gxf5 52. gxf5 Bd8 53. Bxd8 Kxd8 54. Kf7 1-0